 Dungeon Crawl Stone Soup version 0.21-a0-621-gc60411f (webtiles) character file.

24800 xnavy the Arsonist (level 12, -2/106 HPs)
             Began as a Yellow Draconian Fire Elementalist on Dec 22, 2017.
             Was an Elder of Vehumet.
             Slain by a yak (12 damage)
             ... on level 1 of the Lair of Beasts on Dec 24, 2017.
             The game lasted 00:58:13 (15130 turns).

xnavy the Arsonist (DrFE)                          Turns: 15130, Time: 00:58:14

Health: -2/106     AC: 11    Str: 11    XL:     12   Next: 83%
Magic:  28/33      EV: 12    Int: 20    God:    Vehumet [****..]
Gold:   620        SH:  0    Dex: 12    Spells: 12/27 levels left

rFire    . . .     SeeInvis .   a - +2 dagger (elec)
rCold    . . .     Gourm    +   (no shield)
rNeg     . . .     Faith    .   (armour unavailable)
rPois    +         Spirit   .   (helmet restricted)
rElec    .         Reflect  .   F - +0 cloak
rCorr    +         Harm     .   i - +1 pair of gloves
MR       .....                  (no boots)
Stlth    ++........             e - amulet of the gourmand {Gourm, !d}
HPRegen  0.27/turn              t - ring of magical power {MP+9}
MPRegen  0.23/turn              y - ring of poison resistance {rPois, !d}

@: short of breath, barbed spikes
A: spit acid, acid resistance, unfitting armour, cold-blooded, AC +8
a: Breathe Acid, Renounce Religion


You were on level 1 of the Lair of Beasts.
You worshipped Vehumet.
Vehumet was greatly pleased with you.
You were very full.

You visited 3 branches of the dungeon, and saw 14 of its levels.
You also visited: Ossuary.

You collected 620 gold pieces.

Inventory:

Hand Weapons
 a - a +2 dagger of electrocution (weapon)
   (You took it off a goblin on level 2 of the Dungeon)
 f - a +4 quarterstaff of crushing
   (You took it off Crazy Yiuf on level 5 of the Dungeon)
Missiles
 d - 456 stones (quivered)
 l - 129 sling bullets
Armour
 i - a +1 pair of gloves (worn)
   (You found it on level 2 of the Dungeon)
 F - a +0 cloak (worn)
   (You took it off Crazy Yiuf on level 5 of the Dungeon)
Jewellery
 e - an amulet of the gourmand (around neck) {Gourm, !d}
   (You took it off a centaur on level 6 of the Dungeon)
 t - a ring of magical power (left hand) {MP+9}
   (You found it on level 3 of the Dungeon)
 y - a ring of poison resistance (right hand) {rPois, !d}
   (You found it on level 4 of the Dungeon)
 H - an uncursed ring of protection from cold {rC+, !d}
   (You found it on level 4 of the Dungeon)
 I - an uncursed ring of protection from magic {MR+, !d}
   (You found it on level 8 of the Dungeon)
 J - an uncursed ring of protection from fire {rF+, !d}
   (You found it on level 10 of the Dungeon)
 K - an uncursed ring of ice {rC+, rF-}
   (You found it on level 9 of the Dungeon)
 Q - the amulet of the Duchess {Faith rPois rC+ Int+5 Dex-5, unknown}
   (You took it off a tengu conjurer on level 11 of the Dungeon)

   [amulet of faith]

   It allows you to gain divine favour quickly.
   It affects your intelligence (+5).
   It affects your dexterity (-5).
   It protects you from cold.
   It protects you from poison.
Wands
 q - a wand of clouds (13)
   (You found it on level 2 of the Dungeon)
 D - a wand of iceblast (18)
   (You found it on level 4 of the Dungeon)
 P - a wand of acid (6)
   (You found it on level 10 of the Dungeon)
Scrolls
 c - a scroll of immolation {!r}
 s - 5 scrolls of remove curse
 E - 2 scrolls of teleportation
 M - 2 scrolls of magic mapping {!r}
 O - a scroll of fear
Potions
 g - 10 potions of curing
 h - 5 potions of flight
 j - 2 potions of magic
 k - 2 potions of ambrosia
 m - 4 potions of lignification {!q}
 n - 2 potions of cancellation
 o - a potion of brilliance {unknown}
 v - a potion of resistance
 w - a potion of haste
 z - a potion of heal wounds
 B - a potion of invisibility {unknown}
 C - a potion of berserk rage {!q}
Miscellaneous
 A - a lightning rod (4/4)
   (You found it on level 11 of the Dungeon)
 T - a sack of spiders
Comestibles
 b - 19 rations {@e1}
 p - 9 chunks of flesh {@w0}


   Skills:
 + Level 9.8 Fighting
 - Level 1.7 Dodging
 - Level 1.7 Stealth
 + Level 8.4 Spellcasting
 * Level 12.5 Conjurations
 * Level 12.8 Fire Magic


You had 12 spell levels left.
You knew the following spells:

 Your Spells              Type           Power        Failure   Level  Hunger
a - Flame Tongue          Conj/Fire      #####        1%          1    None
c - Conjure Flame         Conj/Fire      ######..     1%          3    None
f - Fireball              Conj/Fire      ######....   1%          5    #####..
s - Sticky Flame          Conj/Fire      ######..     1%          4    ###....
x - Throw Flame           Conj/Fire      ######       1%          2    None


Dungeon Overview and Level Annotations

Branches:
Dungeon (11/15)            Temple (1/1) D:7            Lair (2/6) D:11
    Orc (0/2) D:9
  Swamp: Lair:2-4    Shoals: Lair:2-4     Snake: Lair:2-4    Spider: Lair:2-4

Altars:
Ashenzari
Cheibriados
Dithmenos
Elyvilon
Fedhas
Gozag
Hepliaklqana
Kikubaaqudgha
Makhleb
Nemelex Xobeh
Okawaru
Qazlal
Ru
Sif Muna
Trog
Uskayaw
Vehumet
Wu Jian
Xom
Yredelemnul
Zin
The Shining One

Annotations:
D:6 exclusion: Blork the orc, Blork the orc
D:8 Psyche


Innate Abilities, Weirdness & Mutations

You can spit globs of acid.
You are resistant to acid.
Your golden yellow scales are hard. (AC +8)
You cannot fit into any form of body armour.
You are cold-blooded and may be slowed by cold attacks.


Message History

You hit the yak.
Your tail-slap misses the yak.
The yak burns!
You kill the yak!
Vehumet accepts your kill.
You feel your power returning.
Things that are here:
a yak corpse; a hippogriff corpse You butcher the yak corpse.
You have got your breath back.
p - 5 chunks of flesh {@w0} You see here a hippogriff corpse.
You butcher the hippogriff corpse.
p - 11 chunks of flesh {@w0} (gained 6)
You see here a hippogriff skeleton.
You see here a flail.
There is a stone staircase leading down here.
You start resting.
Eating one of 11 chunks of flesh {@w0}.
You eat one of the 11 chunks of flesh {@w0}.
This raw flesh tastes great.
Eating one of 10 chunks of flesh {@w0}.
You eat one of the 10 chunks of flesh {@w0}.
This raw flesh tastes great.
Health restored: 106; MP restored: 33 You climb downwards.
The yak closely misses you.
The manticore flicks its tail.
The volley of spikes misses you. The crocodile bites you. The yak gores you! x2
The manticore flicks its tail.
The volley of spikes hits you!
The barbed spikes become lodged in your body.
There is a stone staircase leading up, spattered with blood here.
You take 37 damage, and have 69/106 hp.
MASSIVE DAMAGE!!
The crocodile closely misses you. The yak gores you! The yak misses you.
You climb upwards.
There is a stone staircase leading down here.
You take 7 damage, and have 62/106 hp.
The barbs in your skin will harm you if you move.
Continue?
The barbed spikes dig painfully into your body as you move.
The crocodile bites you. The yak gores you!
You take 20 damage, and have 42/106 hp.
The barbed spikes dig painfully into your body as you move.
The crocodile barely misses you.
You take 2 damage, and have 40/106 hp.
The barbed spikes dig painfully into your body as you move.
You take 7 damage, and have 33/106 hp.
Aim: a crocodile The sticky flame hits the crocodile.
The crocodile is covered in liquid flames!
The crocodile burns!
The crocodile barely misses you.
You now have 29/33 mp.
The barbed spikes dig painfully into your body as you move.
* * * LOW HITPOINT WARNING * * *
The crocodile burns!
You take 5 damage, and have 28/106 hp.
The barbed spikes dig painfully into your body as you move.
* * * LOW HITPOINT WARNING * * *
You take 5 damage, and have 23/106 hp.
The barbed spikes dig painfully into your body as you move.
* * * LOW HITPOINT WARNING * * *
The crocodile burns!
You take 7 damage, and have 16/106 hp.
You feel much better.
The crocodile burns!
You kill the crocodile!
Vehumet accepts your kill.
You feel your power returning.
You regained 18 hp, and now have 34/106 hp.
Aim: a yak The sticky flame hits the yak.
The yak is covered in liquid flames!
The yak burns!
The yak gores you!
* * * LOW HITPOINT WARNING * * *
You take 10 damage, and have 24/106 hp.
You now have 27/33 mp.
You hit the yak.
The yak burns!
The yak completely misses you.
Aim: a yak (heavily wounded, covered in liquid flames)
You spit a glob of acid.
The glob of acid hits the yak.
The yak is splashed with acid.
The acid corrodes the yak!
You kill the yak!
Vehumet accepts your kill.
You feel your power returning.
You regained 4 mp, and now have 31/33 mp.
Aim: a yak The sticky flame hits the yak.
The yak is covered in liquid flames!
The yak burns!
The yak misses you.
You now have 27/33 mp.
You hit the yak but do no damage.
The yak burns!
The yak gores you but does no damage.
You hit the yak but do no damage. Lightning courses through the yak!
The yak burns!
The yak gores you.
* * * LOW HITPOINT WARNING * * *
You take 6 damage, and have 20/106 hp.
You hit the yak.
The yak burns!
The yak completely misses you.
The barbed spikes dig painfully into your body as you move.
* * * LOW HITPOINT WARNING * * *
The yak burns!
You take 5 damage, and have 15/106 hp.
The barbed spikes dig painfully into your body as you move.
* * * LOW HITPOINT WARNING * * *
The yak burns!
The yak stops burning.
You take 5 damage, and have 10/106 hp.
You hit the yak but do no damage. The yak gores you but does no damage.
You hit the yak but do no damage. The yak gores you!
You die...

######...........# #.#
#...#.#.#.#####[<###.#
#.........# ##.##P.###
#...#####.# #.P...... #..##
#.# #.....#.. ####P.######.#
#...#.... #........).#.#
##...#.#.. ##.###..###.#.##
#....#.#.. #..###..###@...##
#..###.#..
##.##....##Y#...###..##.....
#÷#).>.Y##.###..##..#.###.P
#...#.##.#†##..##....## #.#
#..........#......#...# #.#
##.##.##.###...##.....# #..
##.#.....##.#.######.# ###
##...#..##...######.#
######.##........#.#


You could see a yak.

Vanquished Creatures
  The ghost of MrDNA the Carver, a journeyman HuBe of Trog (D:11)
  3 hydras (Lair:1)
  An ogre mage (D:11)
  3 death yaks (D:11)
  2 two-headed ogres
  Nergalle (D:11)
  A skeletal warrior (D:11)
  2 unseen horrors (D:11)
  An orc knight (D:11)
  3 ugly things (D:11)
  A spiny frog (Lair:1)
  A rime drake (Lair:1)
  The ghost of bande the Chopper, a novice GrFi (D:6)
  2 trolls
  A yaktaur (D:11)
  A komodo dragon (Lair:1)
  A tengu conjurer (D:11)
  Prince Ribbit (D:7)
  Grinder (D:5)
  3 hippogriffs
  Sigmund (D:5)
  24 yaks
  A hungry ghost (D:9)
  Grum (D:8)
  A basilisk (Lair:1)
  3 vampire mosquitoes (D:10)
  A soldier ant (D:10)
  An acid dragon (D:10)
  2 water moccasins (Lair:1)
  2 porcupines (Lair:1)
  3 sky beasts
  2 ice beasts
  5 orc warriors
  2 phantoms
  8 ogres
  9 wolves
  4 necrophages
  4 centaurs
  3 crocodiles (Lair:1)
  9 bullfrogs
  A wyvern zombie (D:11)
  2 scorpions
  A howler monkey (D:8)
  2 electric eels (D:7)
  4 crimson imps
  3 bullfrog zombies
  A human zombie (Ossuary)
  3 centaur zombies
  9 hounds
  11 orc priests
  3 jellies
  2 centaur skeletons
  A gnoll shaman (D:8)
  7 orc wizards
  Crazy Yiuf (D:5)
  7 worker ants
  3 iguanas
  3 hound skeletons
  2 mummies (Ossuary)
  3 worker ant zombies
  9 gnolls
  2 river rats (D:11)
  13 adders
  3 shadow imps
  3 adder skeletons
  3 worms
  A dart slug (D:1)
  5 leopard geckos
  21 orcs
  4 bats
  3 goblins
  2 hobgoblins
  10 jackals
  8 quokkas
  2 ball pythons
  4 frilled lizards
  3 goblin zombies (Ossuary)
  2 hobgoblin zombies (Ossuary)
  6 kobolds
  A leopard gecko zombie (D:6)
  An orc zombie (Ossuary)
  6 rats
298 creatures vanquished.

Vanquished Creatures (others)
  A bush (Lair:1)
  2 fungi (Lair:1)
3 creatures vanquished.

Grand Total: 301 creatures vanquished

Notes
Turn   | Place    | Note
-------+----------+-------------------------------------------
     0 | D:1      | xnavy the Draconian Fire Elementalist began the quest for the Orb.
     0 | D:1      | Reached XP level 1. HP: 14/14 MP: 3/3
   584 | D:1      | Reached XP level 2. HP: 22/22 MP: 3/5
  1091 | D:2      | Reached XP level 3. HP: 26/27 MP: 2/6
  1157 | D:2      | Found an iron altar of Okawaru.
  1214 | D:2      | Reached skill level 1 in Fighting
  1250 | D:2      | Reached skill level 2 in Conjurations
  1255 | D:2      | Learned a level 3 spell: Conjure Flame
  2093 | D:3      | Found an opulent altar of Gozag.
  2187 | D:3      | Found a blossoming altar of Fedhas.
  2202 | D:3      | Reached XP level 4. HP: 35/35 MP: 7/7
  2725 | D:3      | Noticed an orc warrior
  2730 | D:3      | Reached skill level 4 in Fire Magic
  2736 | D:3      | Killed an orc warrior
  2736 | D:3      | Reached skill level 2 in Fighting
  2736 | D:3      | Reached skill level 3 in Conjurations
  2736 | D:3      | Reached XP level 5. HP: 38/41 MP: 0/9
  3134 | D:4      | Found a burning altar of Makhleb.
  3143 | D:4      | Reached XP level 6. HP: 42/49 MP: 10/10
  3166 | D:4      | Found a sand-covered staircase.
  3173 | Ossuary  | Entered an ossuary
  3209 | Ossuary  | Learned a level 4 spell: Sticky Flame
  3407 | Ossuary  | Reached skill level 3 in Spellcasting
  3562 | D:5      | Entered Level 5 of the Dungeon
  3562 | D:5      | Noticed Grinder
  3563 | D:5      | Paralysed by Grinder for 5 turns
  3613 | D:4      | Reached skill level 4 in Conjurations
  3618 | D:4      | Reached skill level 5 in Fire Magic
  3713 | D:5      | Reached skill level 3 in Fighting
  3713 | D:5      | Your scales start taking on a golden yellow colour.
  3713 | D:5      | Reached XP level 7. HP: 15/57 MP: 4/12
  3714 | D:5      | HP: 13/57 [jackal (3)]
  4238 | D:5      | Found a shadowy altar of Dithmenos.
  4287 | D:5      | Found a shimmering altar of Xom.
  4308 | D:6      | Reached skill level 5 in Conjurations
  4418 | D:6      | Reached skill level 6 in Fire Magic
  4484 | D:6      | Noticed Blork the orc
  4557 | D:6      | Reached XP level 8. HP: 32/66 MP: 13/13
  4740 | D:6      | Noticed bande's ghost (novice GrFi)
  4749 | D:6      | Reached skill level 4 in Fighting
  4781 | D:6      | Killed bande's ghost
  4781 | D:6      | Reached skill level 4 in Spellcasting
  4781 | D:6      | Reached skill level 6 in Conjurations
  5183 | D:7      | Reached skill level 7 in Fire Magic
  5193 | D:7      | Noticed Prince Ribbit
  5200 | D:7      | Killed Prince Ribbit
  5314 | D:7      | Found an iron altar of Okawaru.
  5389 | D:7      | Found a staircase to the Ecumenical Temple.
  5405 | Temple   | Entered the Ecumenical Temple
  5423 | D:7      | Reached skill level 5 in Fighting
  5423 | D:7      | Reached XP level 9. HP: 69/74 MP: 16/16
  5509 | D:7      | Found a white marble altar of Elyvilon.
  5517 | D:7      | Reached skill level 7 in Conjurations
  5746 | D:7      | Found a radiant altar of Vehumet.
  5752 | D:7      | Became a worshipper of Vehumet
  5924 | D:4      | Learned a level 5 spell: Fireball
  5927 | D:4      | Learned a level 2 spell: Throw Flame
  5992 | D:4      | Found a deep blue altar of Sif Muna.
  6438 | D:4      | Reached skill level 5 in Spellcasting
  6620 | D:5      | Noticed Sigmund
  6623 | D:5      | Killed Sigmund
  6623 | D:5      | Reached skill level 8 in Fire Magic
  6638 | D:5      | Killed Grinder
  6837 | D:5      | Found a runed door.
  7006 | D:5      | Noticed Crazy Yiuf
  7009 | D:5      | Killed Crazy Yiuf
  7183 | D:8      | Noticed Psyche
  7225 | D:8      | Noticed Grum
  7469 | D:8      | Reached skill level 8 in Conjurations
  7474 | D:8      | Reached skill level 6 in Fighting
  7482 | D:8      | Killed Grum
  7541 | D:8      | Noticed a two-headed ogre
  7604 | D:8      | Killed a two-headed ogre
  7604 | D:8      | Reached * piety under Vehumet
  7604 | D:8      | Offered knowledge of Magic Dart by Vehumet.
  7604 | D:8      | Reached skill level 9 in Fire Magic
  7604 | D:8      | Reached XP level 10. HP: 83/83 MP: 12/18
  8123 | D:9      | Found a staircase to the Orcish Mines.
  8159 | D:9      | Found a blossoming altar of Fedhas.
  8476 | D:9      | Reached skill level 9 in Conjurations
  8480 | D:9      | Reached skill level 6 in Spellcasting
  8705 | D:9      | Found a glowing golden altar of the Shining One.
  9139 | D:10     | Entered Level 10 of the Dungeon
  9171 | D:10     | Reached skill level 7 in Fighting
  9512 | D:10     | Offered knowledge of Sandblast by Vehumet.
  9533 | D:10     | Reached skill level 10 in Fire Magic
  9540 | D:10     | HP: 19/86 [acid (6)]
  9541 | D:10     | Reached ** piety under Vehumet
 10521 | D:11     | Reached XP level 11. HP: 76/92 MP: 20/20
 10522 | D:11     | Noticed a two-headed ogre
 10530 | D:11     | Killed a two-headed ogre
 10530 | D:11     | Reached skill level 10 in Conjurations
 10704 | D:11     | Noticed a cyan ugly thing
 10711 | D:11     | Offered knowledge of Searing Ray by Vehumet.
 10724 | D:11     | Noticed a skeletal warrior
 10741 | D:11     | Killed a skeletal warrior
 10914 | D:11     | Noticed a white ugly thing
 10916 | D:11     | Noticed MrDNA's ghost (journeyman HuBe)
 10916 | D:11     | Upgraded the game from 0.21-a0-615-g8e08f28 to 0.21-a0-621-gc60411f
 10917 | D:11     | Noticed a purple ugly thing
 11007 | D:11     | Noticed a death yak
 11007 | D:11     | Noticed a death yak
 11014 | D:11     | Noticed Nergalle
 11027 | D:11     | Noticed a death yak
 11043 | D:11     | Killed Nergalle
 11085 | D:11     | Reached *** piety under Vehumet
 11279 | D:11     | Killed MrDNA's ghost
 11279 | D:11     | Reached skill level 8 in Fighting
 11279 | D:11     | Reached skill level 7 in Spellcasting
 11401 | D:11     | Reached skill level 11 in Fire Magic
 11499 | D:11     | Got a jewelled spear {pain}
 11499 | D:11     | Got a slimy ivory amulet
 11500 | D:11     | Identified the cursed +0 spear of Ehoast {pain, Int+2} (You took it off a tengu conjurer on level 11 of the Dungeon)
 11503 | D:11     | Noticed an orc knight
 11515 | D:11     | Killed an orc knight
 11731 | D:11     | HP: 21/94 [white ugly thing (29)]
 11734 | D:11     | Killed a white ugly thing
 11736 | D:11     | HP: 16/95 [purple ugly thing (7)]
 11740 | D:11     | Killed a purple ugly thing
 11743 | D:11     | Killed a purple ugly thing
 11743 | D:11     | Reached skill level 11 in Conjurations
 12162 | D:11     | Noticed an ogre mage
 12169 | D:11     | HP: 23/95 [ogre mage/antimagic hand axe (6)]
 12178 | D:11     | Killed an ogre mage
 12464 | D:11     | Noticed an unseen horror
 12470 | D:11     | Killed an unseen horror
 12595 | D:11     | Killed a death yak
 12595 | D:11     | Reached XP level 12. HP: 35/103 MP: 22/23
 12600 | D:11     | Killed a death yak
 12601 | D:11     | Killed a death yak
 12940 | D:11     | Found a staircase to the Lair.
 12995 | D:11     | Reached skill level 9 in Fighting
 13153 | Lair:1   | Entered Level 1 of the Lair of Beasts
 13165 | Lair:1   | Reached skill level 12 in Fire Magic
 13360 | Lair:1   | Offered knowledge of Stone Arrow by Vehumet.
 13366 | Lair:1   | HP: 21/104 [yak (15)]
 13731 | Lair:1   | Reached skill level 8 in Spellcasting
 13975 | Lair:1   | Noticed an eight-headed hydra
 13984 | Lair:1   | Killed an eight-headed hydra
 13984 | Lair:1   | Reached skill level 12 in Conjurations
 14182 | Lair:1   | Noticed a four-headed hydra
 14192 | Lair:1   | Killed a four-headed hydra
 14225 | Lair:1   | Noticed a six-headed hydra
 14233 | Lair:1   | Killed a six-headed hydra
 14610 | Lair:1   | Reached **** piety under Vehumet
 15117 | Lair:1   | HP: 22/106 [barbs]
 15125 | Lair:1   | HP: 20/106 [yak (6)]
 15128 | Lair:1   | HP: 9/106 [barbs]
 15130 | Lair:1   | Slain by a yak

Vault maps used:
D:1:      dpeg_arrival_circle_labyrinth_c
D:2:      okawaru_trees_2
D:3:      lemuel_round_altar, nicolae_gozag_cash_rules_everything_around_me
D:4:      makhleb_blood_cavern_becter, old_standard_altar, first_ration,
          nicolae_ossuary_entry_ruins
D:5:      grunt_dithmenos_smoke, xom_butterflies, uniq_crazy_yiuf_cottage,
          uniq_sigmund, uniq_grinder
D:6:      st_stairs_6, minivault_1, uniq_blork_the_orc
D:7:      vehumet_crystals, lemuel_coloured_pillars_altar,
          minmay_temple_entry_butterflies, basic_altar, serial_bayou_ford_a,
          grunt_livestock, uniq_prince_ribbit1
D:8:      uniq_grum, uniq_psyche
D:9:      overflow_temple_1_default, orc_0_dummy,
          hangedman_abyss_or_decor_lesser_grid, fedhas_altar_1
D:10:     serial_co_window_serial, co_window_paths_b, co_window_paths_b,
          co_window_paths_a, co_window_paths_b, co_window_paths_a,
          co_window_of_opportunity_c, co_window_corner_ca, co_window_paths_c,
          co_window_cross_2, co_window_2corner, co_window_4corner_b,
          glass_columns_a, glass_columns_c, st_stairs_14,
          kennysheep_generic_room_4
D:11:     minmay_the_grid_octo_tiled_octocenter_mashed, dpeg_lair_monsters,
          uniq_nergalle
Temple:   nicolae_temple_no_exploring_needed
Lair:1:   grunt_megastairs_2
Lair:2:   minmay_shoals_entry_beasts, nicolae_lair_grove_arrangements
Ossuary:  ossuary_crypta

Skill      XL: |  1  2  3  4  5  6  7  8  9 10 11 12 |
---------------+-------------------------------------+-----
Fighting       | 1 2 3 5 6 7 8 9 |  9.8
Conjurations   | 2 3 4 5 6 8 9 11 12 | 12.5
Fire Magic     | 4 5 6 7 9 10 11 12 | 12.8
Spellcasting   | 3 4 5 6 7 8 |  8.4
Dodging        | |  1.7
Stealth        | |  1.7

Action                   |  1- 3 |  4- 6 |  7- 9 | 10-12 || total
-------------------------+-------+-------+-------+-------++-------
Melee: Dagger            |     8 |    22 |    54 |   136 ||   220
       Tailslap          |       |     1 |     3 |    18 ||    22
Throw: Stone             |     2 |     3 |     4 |       ||     9
 Cast: Flame Tongue      |    48 |   100 |   213 |   260 ||   621
       Conjure Flame     |       |     1 |     8 |    21 ||    30
       Sticky Flame      |       |       |    16 |    81 ||    97
       Fireball          |       |       |     3 |    23 ||    26
       Throw Flame       |       |       |       |     3 ||     3
 Abil: Breathe Acid      |       |       |     9 |    13 ||    22
Evoke: Wand              |       |       |       |     1 ||     1
  Use: Scroll            |       |    18 |     7 |     7 ||    32
       Potion            |       |       |       |     6 ||     6
 Stab: Sleeping          |       |       |       |     1 ||     1
  Eat: Chunk             |     2 |     4 |    30 |    40 ||    76
       Ration            |     1 |       |     1 |       ||     2
Armor: Skin              |     6 |    21 |    51 |    85 ||   163
Dodge: Dodged            |    13 |    32 |    87 |   130 ||   262

Table legend:
 A = Spawn XP
 B = Non-spawn XP
 C = Spawn XP percentage of total XP
 D = Spawn monster count
 E = Non-spawn monster count
 F = Spawn count percentage of total count
 G = Total turns spent on level
                    A         B        C        D         E        F      G
               +---------+---------+-------+---------+---------+-------+---------
         Total |       0 |   35429 |   0.0 |       0 |     298 |   0.0 | 15130
               +---------+---------+-------+---------+---------+-------+---------
           D:1 |       0 |      20 |   0.0 |       0 |      11 |   0.0 |   927
           D:2 |       0 |      51 |   0.0 |       0 |      12 |   0.0 |  1165
           D:3 |       0 |     268 |   0.0 |       0 |      24 |   0.0 |  1001
           D:4 |       0 |     451 |   0.0 |       0 |      19 |   0.0 |  1218
           D:5 |       0 |    1019 |   0.0 |       0 |      21 |   0.0 |   888
           D:6 |       0 |    1088 |   0.0 |       0 |      16 |   0.0 |   911
           D:7 |       0 |    1150 |   0.0 |       0 |      16 |   0.0 |   755
           D:8 |       0 |    1806 |   0.0 |       0 |      20 |   0.0 |   892
           D:9 |       0 |    2168 |   0.0 |       0 |      27 |   0.0 |  1017
          D:10 |       0 |    2803 |   0.0 |       0 |      31 |   0.0 |  1570
          D:11 |       0 |   13916 |   0.0 |       0 |      48 |   0.0 |  2444
        Lair:1 |       0 |   10149 |   0.0 |       0 |      41 |   0.0 |  1966
        Lair:2 |       0 |     411 |   0.0 |       0 |       2 |   0.0 |    11
       Ossuary |       0 |     129 |   0.0 |       0 |      10 |   0.0 |   363
               +---------+---------+-------+---------+---------+-------+---------

Vault maps used:
D:1:      dpeg_arrival_circle_labyrinth_c
D:2:      okawaru_trees_2
D:3:      lemuel_round_altar, nicolae_gozag_cash_rules_everything_around_me
D:4:      makhleb_blood_cavern_becter, old_standard_altar, first_ration,
          nicolae_ossuary_entry_ruins
D:5:      grunt_dithmenos_smoke, xom_butterflies, uniq_crazy_yiuf_cottage,
          uniq_sigmund, uniq_grinder
D:6:      st_stairs_6, minivault_1, uniq_blork_the_orc
D:7:      vehumet_crystals, lemuel_coloured_pillars_altar,
          minmay_temple_entry_butterflies, basic_altar, serial_bayou_ford_a,
          grunt_livestock, uniq_prince_ribbit1
D:8:      uniq_grum, uniq_psyche
D:9:      overflow_temple_1_default, orc_0_dummy,
          hangedman_abyss_or_decor_lesser_grid, fedhas_altar_1
D:10:     serial_co_window_serial, co_window_paths_b, co_window_paths_b,
          co_window_paths_a, co_window_paths_b, co_window_paths_a,
          co_window_of_opportunity_c, co_window_corner_ca, co_window_paths_c,
          co_window_cross_2, co_window_2corner, co_window_4corner_b,
          glass_columns_a, glass_columns_c, st_stairs_14,
          kennysheep_generic_room_4
D:11:     minmay_the_grid_octo_tiled_octocenter_mashed, dpeg_lair_monsters,
          uniq_nergalle
Temple:   nicolae_temple_no_exploring_needed
Lair:1:   grunt_megastairs_2
Lair:2:   minmay_shoals_entry_beasts, nicolae_lair_grove_arrangements
Ossuary:  ossuary_crypta

Table legend:
 A = Turns spent in this place as a percentage of turns spent in the entire game.
 B = Non-inter-level travel turns spent in this place as a percentage of non-inter-level travel turns spent in the entire game.
 C = Inter-level travel turns spent in this place as a percentage of turns spent in this place.
 D = Turns resting spent in this place as a percentage of non-inter-level travel turns spent in this place.
 E = Turns spent auto-exploring this place as a percentage of non-inter-level travel turns spent in this place.
 F = Non-inter-level travel turns spent in this place divided by the number of levels of this place that you've seen.
                   A       B       C       D       E      F
               +-------+-------+-------+-------+-------+----------------------
         Total | 100.0 | 100.0 |   3.1 |  36.0 |  43.9 | 976.9
       Dungeon |  84.5 |  84.3 |   3.4 |  34.1 |  45.4 | 1122.6
        Temple |   0.0 |   0.0 |   0.0 |   0.0 |   0.0 |   2.0
          Lair |  13.1 |  13.2 |   1.9 |  47.9 |  35.5 | 970.0
       Ossuary |   2.4 |   2.5 |   0.0 |  38.8 |  35.3 | 363.0
               +-------+-------+-------+-------+-------+----------------------

Table legend:
 A = Kills in this place as a percentage of kills in entire the game.
 B = Kills by you in this place as a percentage of kills by you in the entire game.
 C = Kills by friends in this place as a percentage of kills by friends in the entire game.
 D = Other kills in this place as a percentage of other kills in the entire game.
 E = Experience gained in this place as a percentage of experience gained in the entire game.
 F = Experience gained in this place divided by the number of levels of this place that you have seen.
                   A       B       C       D       E      F
               +-------+-------+-------+-------+-------+----------------------
         Total | 100.0 | 100.0 |   N/A |   N/A | 100.0 | 2361.9
       Dungeon |  82.2 |  82.2 |   N/A |   N/A |  69.8 | 2249.1
          Lair |  14.4 |  14.4 |   N/A |   N/A |  29.8 | 5280.0
       Ossuary |   3.4 |   3.4 |   N/A |   N/A |   0.4 | 129.0
               +-------+-------+-------+-------+-------+----------------------
